Cogmind - Beta 15 @@@ ROGUE MODE // 2025.08.10 @ 14:50:01 Player: Mx. Foxy Fox Result: Destroyed by G-47 Trooper with Particle Gun Performance ------------- Evolutions (0) 0 Regions Visited (1) 200 Robots Destroyed (14) 70 Value Destroyed (306) 306 Prototype IDs (0) 0 Alien Tech Used (0) 0 Bonus (0) 0 TOTAL SCORE: 576 Bonus ------- None Cogmind --------- Core Integrity 0/250 Matter 270/300 Energy 33/100 System Corruption 0% Temperature Cool (17) Movement Walking (120) Location -10/Materials Parts ------- > --- POWER (1) -------- (None) > --- PROPULSION (2) --- Aluminum Leg > --- UTILITY (2) ------ Small Storage Unit Power Shielding > --- WEAPON (2) ------- EM Pulse Gun Small Laser > --- INVENTORY (8) ---- (None) Peak State ------------ > --- POWER ------------ Ion Engine > --- PROPULSION ------- Light Treads Light Treads > --- UTILITY ---------- Small Storage Unit Power Shielding > --- WEAPON ----------- Small Laser Beam Cannon > --- INVENTORY -------- Aluminum Leg EM Pulse Gun Small Laser [Rating: 7] Favorites ----------- Power Ion Engine Engine Ion Engine Propulsion Light Treads Treads Light Treads Leg Aluminum Leg Utility Small Storage Unit Storage Small Storage Unit Protection Power Shielding Weapon Small Laser Energy Gun Small Laser Energy Cannon Beam Cannon Ballistic Gun Light Assault Rifle Build | -11 -10 ------- Run | Yrd Mat Slots Evolved . | . . Power . | . . Propulsion . | . . Utility . | . . Weapon . | . . Parts Attached 11 | 6 5 Power 1 | 1 . Engine 1 | 1 . Core . | . . Reactor . | . . Propulsion 3 | 2 1 Treads 2 | 2 . Leg 1 | . 1 Wheel . | . . Hover . | . . Flight . | . . Utility 2 | 1 1 Device . | . . Storage 1 | 1 . Processor . | . . Hackware . | . . Protection 1 | . 1 Artifact . | . . Weapon 5 | 2 3 Energy Gun 3 | 2 1 Energy Cannon 1 | . 1 Ballistic Gun 1 | . 1 Ballistic Cannon . | . . Launcher . | . . Special Weapon . | . . Impact Weapon . | . . Slashing Weapon . | . . Piercing Weapon . | . . Special Melee Weapon . | . . Unidentified Prototypes . | . . Parts Lost 5 | . 5 Power 1 | . 1 Propulsion 2 | . 2 Utility . | . . Weapon 2 | . 2 Highest Loss Streak 5 | . 5 To Critical Strikes . | . . Average Backups 2 | 1 2 Power . | . . Propulsion . | . . Utility . | . . Weapon 1 | . 1 Tool/Special . | . . Unused Backups . | . . Power . | . . Propulsion . | . . Utility . | . . Weapon . | . . Tool/Special . | . . Average Slot Usage (%) 88 | . 88 Engine 13 | . 13 Treads 24 | . 24 Storage 14 | . 14 Protection 7 | . 7 Energy Gun 14 | . 14 Energy Cannon 10 | . 10 Ballistic Gun 2 | . 2 Peak Build Rating 7 | 6 7 Average Rating 5 | 5 6 On Entrance 3 | . 6 Naked Turns . | . . Heaviest Build 15 | 12 15 Greatest Support 40 | 40 40 Greatest Overweight (x) 4 | . 4 Average Overweight (x) . | . . Largest Inventory Capacity 8 | 8 8 Average Capacity 7 | 7 8 Most Carried 3 | 2 3 Average Carried 2 | 1 2 Final Capacity 8 | 8 8 Final Carried 2 | 2 . Class Distribution -------------------- 100% | Mutant Dominant Class ---------------- Mutant | -10/Materials Resources | -11 -10 ----------- Run | Yrd Mat Matter Collected 299 | 215 84 Remotely . | . . Salvage Created 370 | . 370 Parts 27 | . 27 Haulers Intercepted . | . . Recyclers Shooed . | . . Parts Field Recycled . | . . Retrieved Matter . | . . Parts Self-Destructed . | . . Prevented . | . . Kills | -11 -10 ------- Run | Yrd Mat Combat Hostiles Destroyed 12 | . 12 Guns 7 | . 7 Cannons 5 | . 5 Classes Destroyed 4 | . 4 Mechanic 1 | . 1 Watcher 1 | . 1 Swarmer 6 | . 6 Grunt 6 | . 6 Best Kill Streak 6 | . 6 Combat Bots Only 5 | . 5 Max Kills in Single Turn 1 | . 1 Gunslinging . | . . Exploded . | . . Melee . | . . Uniques/NPCs Destroyed . | . . Combat | -11 -10 -------- Run | Yrd Mat Hostile Shots Fired 114 | . 114 Missed 36 | . 36 Hits 78 | . 78 Projectile 78 | . 78 Critical Strikes 1 | . 1 Damage Taken 837 | . 837 Core 257 | . 257 Absorbed by Shields . | . . Redirected to Shielding 20 | . 20 Core Remaining (%) 100 | 100 . Volleys Fired 47 | . 47 Largest 2 | . 2 Hottest 100 | . 100 Shots Fired 73 | . 73 Gun 45 | . 45 Cannon 28 | . 28 Launcher . | . . Special . | . . Kinetic 19 | . 19 Thermal 50 | . 50 Explosive . | . . Electromagnetic 4 | . 4 Robot Hit Streak 15 | . 15 Robot Miss Streak 4 | . 4 Penetration Max . | . . Secondary Targets . | . . Shots Hit Robots 44 | . 44 Core Hits 22 | . 22 Critical Kills . | . . Critical Parts Destroyed . | . . Critical Strikes . | . . Melee Attacks . | . . Impact . | . . Slashing . | . . Piercing . | . . Sneak Attacks . | . . Combat Hostiles . | . . Follow-up Attacks . | . . Damage Inflicted 608 | . 608 Guns 258 | . 258 Cannons 347 | . 347 Explosions . | . . Melee . | . . Ramming 3 | . 3 Kinetic 100 | . 100 Thermal 452 | . 452 Explosive . | . . Electromagnetic 53 | . 53 Impact . | . . Slashing . | . . Piercing . | . . Highest Corruption . | . . Average Corruption . | . . Corruption Purged . | . . Corruption Blocked . | . . Overload Shots . | . . Overflow Damage . | . . Projectiles . | . . Explosions . | . . Melee . | . . Knockbacks . | . . Impact . | . . Kinetic . | . . Secondary . | . . Self-Inflicted Damage 1 | . 1 Shots . | . . Rammed 3 | . 3 Targets Rammed 3 | . 3 Kicked . | . . Crushed . | . . Highest Temperature 400 | . 400 Average Temperature 144 | . 144 Received Heat Transfer 360 | . 360 Effects 6 | . 6 Energy Bleed 3 | . 3 Interference 3 | . 3 Siege Activations . | . . Martial Activations . | . . Shielding Activations . | . . Robots Disrupted . | . . Combat Hostiles . | . . Robots Corrupted . | . . Combat Hostiles . | . . Parts Fried . | . . Impact Corruptions . | . . Robots Melted . | . . Combat Hostiles . | . . Parts Melted . | . . Heat Transferred 990 | . 990 Parts Sabotaged . | . . Parts Stolen . | . . Parts Stripped . | . . Power Chain Reactions . | . . Alert | -11 -10 ------- Run | Yrd Mat Maximum Alert Level . | . . Low Security (%) 100 | 100 100 Level 1 . | . . Level 2 . | . . Level 3 . | . . Level 4 . | . . Level 5 . | . . High Security . | . . Max Security . | . . Peak Influence 147 | . 147 Initial . | . . Average 31 | . 46 Influence Increases 307 | . 307 Destroy 0b10 Robot/C 240 | . 240 Destroy 0b10 Robot/NC 10 | . 10 Destroy Leader 42 | . 42 Lose Combat Pursuer 15 | . 15 Influence Decreases 184 | . 184 Time Decay 134 | . 134 Lost Part 50 | . 50 Squads Dispatched 1 | . 1 Investigation . | . . Extermination . | . . Reinforcement 1 | . 1 Assault . | . . Garrison . | . . Intercept . | . . Searches Triggered . | . . Construction Impeded . | . . Haulers Reinforced . | . . Active Scanning Responses . | . . Cargo Convoy Interrupts . | . . Stealth | -11 -10 --------- Run | Yrd Mat Distress Signals 2 | . 2 Communications Jammed . | . . Distress Signals . | . . Times Spotted 18 | . 18 Peak Tracking Total 5 | . 5 Tactical Retreats 1 | . 1 Traps | -11 -10 ------- Run | Yrd Mat Traps Triggered . | . . Indirectly . | . . Trap Hack Attempts . | . . Triggered . | . . Disarmed . | . . Reprogrammed . | . . Reused . | . . Traps Extracted . | . . Installed . | . . Triggered . | . . Machines | -11 -10 ---------- Run | Yrd Mat Machines Disabled . | . . Max in Single Turn . | . . Machines Repaired . | . . Machines Dismantled . | . . Machines Sabotaged . | . . Overloaded Fab Kills . | . . Hacking | -11 -10 --------- Run | Yrd Mat Machines Accessed . | . . Terminals . | . . Fabricators . | . . Repair Stations . | . . Recycling Units . | . . Scanalyzers . | . . Garrison Access . | . . Total Hacks . | . . Successful . | . . Failed . | . . Catastrophic . | . . Database Lockouts . | . . Manual . | . . Terminals . | . . Fabricators . | . . Repair Stations . | . . Recycling Units . | . . Scanalyzers . | . . Garrison Access . | . . Terminal Hacks . | . . Fabricator Hacks . | . . Repair Station Hacks . | . . Recycling Unit Hacks . | . . Scanalyzer . | . . Garrison Access Hacks . | . . Unauthorized Hacks . | . . Terminals . | . . Fabricators . | . . Repair Stations . | . . Recycling Units . | . . Scanalyzers . | . . Garrison Access . | . . Data Cores Recovered . | . . Used . | . . Hacking Detections . | . . Full Trace Events . | . . Feedback Events . | . . Feedback Blocked . | . . Robot Schematics Acquired . | . . Robots Built . | . . Authchips . | . . Time . | . . Total Robot Build Rating . | . . Part Schematics Acquired . | . . Parts Built . | . . Authchips . | . . Time . | . . Total Part Build Rating . | . . Parts Repaired . | . . Time . | . . Parts Recycled . | . . Recycled Matter . | . . Retrieved Matter . | . . Retrieved Components . | . . Parts Scanalyzed . | . . Part Schematics Acquired . | . . Parts Damaged . | . . Bothacking | -11 -10 ------------ Run | Yrd Mat Used RIF Installer . | . . Robots Hacked . | . . Non-combat . | . . Combat . | . . Robot Hacks Applied . | . . Relay Couplers Released . | . . Fabnet Peak Effective % . | . . Robots Rewired . | . . Allies Hacked . | . . Hacks Repelled . | . . Allies | -11 -10 -------- Run | Yrd Mat Total Allies . | . . Largest Group . | . . Highest-Rated Group . | . . Highest-Rated Ally . | . . Total Orders . | . . Ally Attacks . | . . Total Damage . | . . Kills . | . . Allies Corrupted . | . . Allies Melted . | . . Intel | -11 -10 ------- Run | Yrd Mat Active Infowar (turns) . | . . Robot Analysis Total . | . . Derelict Logs Recovered . | . . Drone Launches . | . . Drone Recoveries . | . . Exploration | -11 -10 ------------- Run | Yrd Mat Turns Passed 665 | 215 450 Spaces Moved 326 | 130 196 Core 14 | 3 11 Treads 309 | 127 182 Legs 3 | . 3 Wheels . | . . Hover . | . . Flight . | . . Fastest Speed 50 | 50 100 Average Speed 159 | 157 160 Slowest Speed 250 | 160 250 Overloaded Moves . | . . Propulsion Burnouts . | . . Robots Hopped . | . . Potential Cave-ins . | . . Cave-ins Triggered . | . . Exploration Rate (%) 24 | 7 42 Regions Visited 1 Branch Regions . Pre-discovered Areas . | . . Known Exits Taken . | . . Unknown Exits Taken 1 | 1 . Scrap Searched . | . . Spaces Dug . | . . Terrain Destroyed . | . . Melee . | . . Projectile . | . . AOE . | . . Terrain Rammed . | . . Walls Destroyed . | . . Machines Disabled . | . . Actions | -11 -10 --------- Run | Yrd Mat Total 395 | 137 258 Wait 5 | . 5 Move 325 | 129 196 Hop . | . . Pick Up 3 | 2 1 Fast Attach 7 | 6 1 Attach 3 | . 3 Detach . | . . Swap 2 | . 2 Drop . | . . Fire 47 | . 47 Melee . | . . Ram 3 | . 3 Kick . | . . Crush . | . . Escape Stasis . | . . Rewire . | . . Trap . | . . Miscellaneous . | . . Route ------- -11/Scrapyard -10/Materials (discovered 1 exit: [*Mat]) History --------- Turn | Location | Event 9 | -11/Scrapyard | Discovered new exit (range 16) 216 | -11/Scrapyard | Entered Materials 308 | -10/Materials | Build established: Mutant 464 | -10/Materials | Discovered new exit (range 16) 588 | -10/Materials | Core integrity fell below 50% 635 | -10/Materials | Core integrity fell below 20% 666 | -10/Materials | Destroyed by G-47 Trooper with Particle Gun Last Messages --------------- 00626_ K-01 Serf collects debris. 00627_ G-34 Mercenary heat damages Sml. Laser. 00628_ Slammed into G-34 Mercenary. 00628_ K-01 Serf collects debris. 00630_ R-06 Scavenger collects Lgt. Nuclear Core. 00631_ K-01 Serf collects debris. 00632_ Ion Engine destroyed. 00633_ G-34 Mercenary heat short circuits Ion Engine. 00634_ K-01 Serf collects debris. 00638_ Lgt. Assault Rifle destroyed. 00639_ K-01 Serf collects debris. 00643_ R-06 Scavenger inserts Lgt. Ion Engine into recycling unit. 00643_ W-16 Scout destroyed. 00644_ Beam Cannon destroyed. 00649_ K-01 Serf collects debris. 00654_ G-34 Mercenary destroyed. 00655_ K-01 Serf collects debris. 00658_ G-34 Mercenary destroyed. 00661_ K-01 Serf collects debris. 00664_ R-06 Scavenger collects Wheel. Map ----- +----------------------------------------------------+ | ??#####+## #????# """ # ^ ??? | | ?????????## ##????# """ # ^ T ????? | | ??????????# #?????# """ # % ??? | | ??????????# +?????# # %####### #???? | | ??????????# #?????########## #???????? ##???? | | ??????????# #??????????????# #???????????????? | | ??????????## ##??????????????# #???????????????? | | ???????????# #???????????????# #???????????????? | | ???????????# #???????????????# #???????????????? | | ???????????# #???????????????# #???????????????? | | ???????????# #???????????????# #???????????????? | | ???????????# #???????????????#=%%#???????????????? | | ???????????# #???????????????#[ =#????????? #????? | | ???????????# #???????????????#= =#???????? #????? | | ???????????# #?????????????###%%%######## #????? | | ???????????# #?????????????# =! % = #????? | | #####??????# #???##????????# %%r% #????? | | #??????# #??? ##???????# #????? | | #??????#=#?? #???????# ^ #????? | | #??????#=#? #???????# |! #????? | | ########%# ########## |! #????? | | """ # *![# #?# [! # ! #????? | | """ # ! = #??# [!k=g% ^ #????? | | """ / # ##??# [! # #????? | | # #### ###???# # ^ ^ #????? | | ##### ##?# #?????# @ # """ ""???? | | ???# #?# #?????# # """"" Y"???? | | ???# #?# #?????# # !""""" ""???? | | ???# " #?# #?????# # =%""""" ##???? | | ???# #?# #?????# # """?? #????? | | ???# #?# #?????########## ??? #????? | | ???## ##?# #??????????????# ????? #????? | | ????# #??# #??????????????# #???????????? | | ##### ####+###????????????###### #???????????? | | # # #?????????????????? #???????????? | | """ # # """ #?????????????????? #???????????? | | """ # # """ #?????????????????? ?????????????? | | """ # # """ #?????????????????????????????????? | | + # !#?????????????????????????????????? | | """ # # #?????????????????????????????????? | | """ # ########?????????????????????????????????? | | """ #####????????????????????????????????????????? | | #????????????????????????????????????????????? | | #####????????????????????????????????????????????? | | ?????????????????????????????????????????????????? | | ?????????????????????????????????????????????????? | | | | | | | | | +----------------------------------------------------+ Best States ------------- Heat Dissipation 25 Energy Generation 10 Energy Capacity 250 Matter Stores 300 Matter Capacity 300 Sight Range 16 Terrain Scan Density 10 Power Shielding 33 Evasion (%) 40 Recoil Reduction 2 Item Schematics ----------------- None Robot Schematics ------------------ None Fabricated ------------ Nothing Repaired ---------- Nothing Alien Tech Used ----------------- None Achievements -------------- None Challenges ------------ None Game ------ Seed ComponentNavigationMesh Manual? 0 Play Time 00:08:11 Cumulative 13.9 hours Start 2025.08.10 @ 14:41:40 End 2025.08.10 @ 14:50:01 Sessions 1 Manual Loads 0 Difficulty Rogue Special Mode None Game No. 8 Rogue 8 Adventurer 0 Explorer 0 Win Type - Total 0 Types 0/0/0/0/0/0/0/0/0/0 Lore% 4 Gallery% 13 Achievement% 11 Wizard Run 0 Options --------- Layout 0 ASCII 0 Keyboard 1 Movement Vi Keybinds 0 Fullscreen 0 Font 16/Terminus Map View 76x50 Zoom Use 0% Tactical HUD 1 Map Filters NONE Filters NONE Steam 1 RUN: afa52d3a-40ea-4fe2-bcea-9d4dabc60d56